 Dungeon Crawl Stone Soup version 0.29-a0-553-g81b289dbe5 (webtiles) character file.

Game seed: 11915011539016840077

72590 zishaf the Lord of Darkness (level 15, -2/127 HPs)
             Began as a Human Necromancer on June 6, 2022.
             Was the Champion of Kikubaaqudgha.
             Slain by an ettin
             ... wielding a +0 dire flail
              (29 damage)
             ... on level 2 of the Orcish Mines.
             The game lasted 01:15:06 (30442 turns).

zishaf the Lord of Darkness (Human Necromancer)    Turns: 30442, Time: 01:15:07

Health: -2/127     AC: 19    Str:  9    XL:     15   Next: 86%
Magic:  18/38      EV: 12    Int: 24    God:    Kikubaaqudgha [******]
Gold:   1984       SH:  5    Dex: 16    Spells: 7/34 levels left

rFire   . . .      SeeInvis .   a - staff of death
rCold   . . .      Faith    +   N - +0 buckler
rNeg    + . .      Spirit   .   R - +2 robe {Will+}
rPois   .          Reflect  .   j - +2 hat {Will+}
rElec   .          Harm     .   K - +0 cloak
rCorr   .          Rampage  .   c - +0 pair of gloves
Will    +++..                   U - +2 pair of boots
Stlth   ++........              D - amulet of faith
HPRegen 0.31/turn               F - +4 ring of protection
MPRegen 0.26/turn               o - ring of magical power

@: studying Crossbows
A: iridescent scales 2, agile 1, clever 1, mutation resistance 1
a: Renounce Religion, Unearth Wretches, Torment


You were on level 2 of the Orcish Mines.
You worshipped Kikubaaqudgha.
Kikubaaqudgha was exalted by your worship.
You visited 4 branches of the dungeon, and saw 21 of its levels.
You also visited: Ossuary, Bailey and Gauntlet.

You collected 2111 gold pieces.
You spent 127 gold pieces at shops.

Inventory:

Hand Weapons
 b - a +3 hand crossbow of freezing
 w - a +2 dagger of protection
Missiles
 y - a throwing net
Armour
 c - a +0 pair of gloves (worn)
 j - a +2 hat of willpower (worn)
 m - a +0 robe
 C - a +1 leather armour of poison resistance
 K - a +0 cloak (worn)
 N - a +0 buckler (worn)
 Q - a +0 troll leather armour
 R - a +2 robe of willpower (worn)
 U - a +2 pair of boots (worn)
Magical Staves
 a - a staff of death (weapon)
 p - a staff of conjuration
Jewellery
 d - a ring of protection from fire
 i - a +4 ring of evasion
 o - a ring of magical power (right hand)
 z - the ring "Firuwiw" {Fire rElec Int+6 Stlth+}
   (You found it on level 13 of the Dungeon)

   [ring of fire]

   It enhances your fire magic.
   Int:       It affects your intelligence (+6).
   rF:        It protects you from fire.
   rC:        It makes you vulnerable to cold.
   rElec:     It insulates you from electricity.
   Stlth:     It makes you more stealthy.
 D - an amulet of faith (around neck)
 F - a +4 ring of protection (left hand)
 I - a ring of see invisible
 W - a +6 ring of intelligence
 X - a ring of wizardry
Wands
 h - a wand of flame (22)
 x - a wand of charming (5)
 M - a wand of acid (4)
 O - a wand of iceblast (8)
 T - a wand of polymorph (9)
 V - a wand of paralysis (5)
Scrolls
 f - 4 scrolls of enchant armour
 k - 3 scrolls of magic mapping
 t - 2 scrolls of enchant weapon
 u - a scroll of silence
 A - 8 scrolls of teleportation
 B - 4 scrolls of fog
 G - 6 scrolls of fear
 H - a scroll of poison
 S - 4 scrolls of identify
Potions
 e - 7 potions of curing
 g - 3 potions of attraction
 l - 6 potions of heal wounds
 n - 9 potions of brilliance
 q - 5 potions of lignification
 r - 2 potions of berserk rage
 s - 3 potions of magic
 v - 2 potions of might
 E - 2 potions of flight
 J - 4 potions of mutation
 L - 2 potions of haste
 P - a potion of ambrosia
 Y - 2 potions of invisibility


   Skills:
 + Level 14.4 Fighting
 - Level 5.0 Staves
 - Level 8.0 Crossbows
 - Level 2.0 Dodging
 - Level 2.0 Stealth
 + Level 2.3 Shields
 + Level 10.1 Spellcasting
 + Level 16.5 Necromancy
 + Level 2.8 Translocations
 + Level 8.3 Earth Magic
 - Level 5.0 Evocations


You had 7 spell levels left.
You knew the following spells:

 Your Spells              Type           Power      Damage    Failure   Level
b - Vampiric Draining     Necr           95%        2d12      1%          3
c - Dispel Undead         Necr           95%        3d30      1%          4
d - Agony                 Necr           95%        N/A       1%          5
e - Lee's Rapid Deconstr  Erth           25%        3d15*     6%          5
f - Blink                 Tloc           50%        N/A       3%          2
B - Sublimation of Blood  Necr           95%        N/A       0%          2
C - Death Channel         Necr           47%        N/A       1%          6

Your spell library contained the following spells:

 Spells                   Type           Power      Damage    Failure   Level
 Necrotize                Necr           100%       1d9       0%          1
 Animate Dead             Necr           95%        N/A       1%          4
 Lesser Beckoning         Tloc           25%        N/A       6%          3
 Foxfire                  Conj/Fire      48%        2x1d6     7%          1
 Corpse Rot               Necr/Pois/Air  55%        N/A       7%          4
 Poisonous Vapours        Pois/Air       24%        N/A       11%         2
 Wereblood                Tmut           12%        N/A       11%         2
 Simulacrum               Ice/Necr       33%        N/A       34%         6
 Iskenderun's Mystic Bla  Conj/Tloc      19%        2d6       36%         4
 Manifold Assault         Tloc           25%        N/A       52%         5
 Fulminant Prism          Conj/Hex       6%         3d7       56%         4
 Haunt                    Necr/Summ      33%        N/A       89%         7
 Starburst                Conj/Fire      6%         6d4       100%        6
 Borgnjor's Revivificati  Necr           47%        N/A       45%         8
 Infestation              Necr           47%        N/A       45%         8
 Necromutation            Tmut/Necr      33%        N/A       100%        8
 Chain Lightning          Conj/Air       6%         3d8       100%        9
 Death's Door             Necr           47%        N/A       100%        9
 Fire Storm               Conj/Fire      6%         8d2       100%        9
 Shatter                  Erth           25%        3d22*     100%        9


Dungeon Overview and Level Annotations

Branches:
Dungeon (15/15)            Temple (1/1) D:7            Lair (3/6) D:8
 Shoals (0/4) Lair:2       Spider (0/4) Lair:3          Orc (2/2) D:12
    Elf (0/3) Orc:2        Vaults (0/5) D:13        Ossuary (visited)
 Bailey (visited)         Gauntlet (visited)
 Depths: D:15

Altars:
Cheibriados
Dithmenos
Hepliaklqana
Kikubaaqudgha
Okawaru
Qazlal
Sif Muna
Trog
Uskayaw
Vehumet
Wu Jian
Xom
Yredelemnul
The Shining One
Beogh

Shops:
D:9 *   D:10 ?*?

Annotations:
Lair:3 Rupert
Orc:2 Jorgrun


Innate Abilities, Weirdness & Mutations

You are mostly covered in iridescent scales. (AC +4)
You are agile. (Dex +2)
Your mind is acute. (Int +2)
You are somewhat resistant to further mutation.


Message History

The ettin hits you with a +0 dire flail.
Casting: Vampiric Draining (safe; 1% risk of failure)
Confirm with . or Enter, or press ? or * to list all spells.
Aiming: Vampiric Draining (safe; 1% risk of failure)
Press: ? - help, Shift-Dir - straight line, f/p - ettin
Aim: an ettin, wielding two +0 dire flails (moderately wounded)
You feel a surge of power!
You draw life force from the ettin!
You feel life coursing into your body! The ettin hits you but does no damage.
The ettin hits you with a +0 dire flail!!!
You hear a shout!
Casting: Vampiric Draining (safe; 1% risk of failure)
Confirm with . or Enter, or press ? or * to list all spells.
Aiming: Vampiric Draining (safe; 1% risk of failure)
Press: ? - help, Shift-Dir - straight line, f/p - ettin
Aim: an ettin, wielding two +0 dire flails (heavily wounded)
You feel a surge of power!
You draw life force from the ettin!!
You feel life coursing into your body!
The ettin hits you with a +0 dire flail!!
The ettin hits you but does no damage.
An orc priest comes into view. It is wielding a +0 dagger.
Casting: Vampiric Draining (safe; 1% risk of failure)
Confirm with . or Enter, or press ? or * to list all spells.
Aiming: Vampiric Draining (safe; 1% risk of failure)
Press: ? - help, Shift-Dir - straight line, f/p - ettin
Aim: an ettin, wielding two +0 dire flails (severely wounded)
You feel a surge of power!
You draw life force from the ettin!
You feel life coursing into your body.
The ettin hits you with a +0 dire flail!!
* * * LOW HITPOINT WARNING * * *
The ettin hits you but does no damage.
Casting: Vampiric Draining (safe; 1% risk of failure)
Confirm with . or Enter, or press ? or * to list all spells.
Aiming: Vampiric Draining (safe; 1% risk of failure)
Press: ? - help, Shift-Dir - straight line, f/p - ettin
Aim: an ettin, wielding two +0 dire flails (almost dead)
You feel a surge of power!
You draw life force from the ettin!
You feel life coursing into your body.
The ettin hits you with a +0 dire flail!!
You die...
Kikubaaqudgha rasps: "You have failed me!
Welcome... death!"

.... #..).........# .....
##.#).......##
.....###.##.........#
..........)).....##.##
..................###
#...............###
..............##
##..........###
##.......@.## .
#.........C.#..$
#..............# #####
##.#..........#.#
oo#.#######.............
..)..##...)...[.........
#..).......[.[.......o...
#.........).###....^.....
##.#.#....)..####.......


You could see an ettin and an orc priest.

Vanquished Creatures
  2 orc warlords
  The ghost of Rabbukhaa the Thaumaturge, a journeyman DECj of Vehumet (D:13)
  A minotaur (Gauntlet)
  An ettin (Orc:1)
  The ghost of oldriver the Cleaver, a journeyman PaDe of Okawaru (D:10)
  Erolcha (D:12)
  4 vault guards (D:13)
  6 hydras
  A two-headed ogre (D:12)
  An ogre mage (D:13)
  A catoblepas (D:14)
  A tengu warrior (D:13)
  An orc high priest (Orc:2)
  A soul eater (Gauntlet)
  Urug (Orc:1)
  Amaemon (D:9)
  The ghost of spaghetti the Chopper, a novice VSNe of Cheibriados (D:11)
  3 deep elf pyromancers
  3 orc knights
  3 ugly things
  3 orc sorcerers (Orc:2)
  A shining eye (Gauntlet)
  A manticore (D:11)
  3 cyclopes
  A black mamba (Lair:3)
  An elephant (Lair:3)
  The ghost of turdburglar the Poker, a novice DsFi of Makhleb (D:5)
  3 rime drakes
  A torpor snail (Gauntlet)
  Psyche (D:9)
  9 cane toads
  An unseen horror (D:13)
  4 kobold demonologists
  An ice devil (D:13)
  8 komodo dragons
  A freezing wraith (D:11)
  A minotaur zombie (Gauntlet)
  An efreet (Gauntlet)
  8 trolls
  A hornet (D:8)
  Prince Ribbit (D:9)
  6 slime creatures
  6 blink frogs
  4 centaur simulacra (D:13)
  Sigmund (D:5)
  2 vampires
  A shadow (D:12)
  3 wraiths
  29 yaks
  5 wyverns
  A fire elemental (Gauntlet)
  A golden eye (Gauntlet)
  8 humans (D:9)
  4 vampire mosquitoes (D:14)
  4 wargs
  2 acid dragons
  3 water moccasins (Lair:1)
  3 hell hounds (Gauntlet)
  A floating eye (Gauntlet)
  A meliai simulacrum (D:13)
  An ice beast (D:6)
  24 orc warriors
  4 ogres
  3 wolves (Lair:1)
  4 centaurs
  4 phantoms
  9 bullfrogs
  4 kobold brigands
  A scorpion (D:13)
  2 gnoll sergeants
  A necrophage (D:4)
  A hornet simulacrum (D:13)
  A wight (D:7)
  5 killer bees
  3 lava snakes (D:8)
  5 hounds
  2 jellies
  A gnoll shaman (D:7)
  15 orc priests
  Jessica (D:3)
  4 iguanas
  Natasha (thrice) (D:3)
  19 orc wizards
  10 mummies
  19 gnolls
  9 adders
  4 shadow imps (Gauntlet)
  3 white imps
  An ufetubus (D:4)
  2 worms
  The ghost of oldriver the Sneak, a weakling PaDe (D:5)
  A dart slug (D:4)
  40 orcs
  7 endoplasms
  2 giant cockroaches
  2 gnoll zombies (Ossuary)
  13 goblins
  5 hobgoblins
  5 jackals
  18 kobolds
  6 quokkas
  5 ball pythons
  2 bats (D:2)
  3 frilled lizards
  3 hobgoblin zombies (Ossuary)
  3 kobold zombies (Ossuary)
  7 rats
460 creatures vanquished.

Vanquished Creatures (collateral kills)
  A rakshasa (D:13)
  A centaur warrior (D:14)
  An ogre mage (D:13)
  An orc knight (D:13)
  A manticore (D:14)
  3 orc sorcerers (Orc:1)
  3 elephants (Lair:3)
  2 gargoyles (D:13)
  2 cane toads (Lair:3)
  An orange demon (D:10)
  A rime drake (D:13)
  A komodo dragon (Lair:1)
  A komodo dragon (shapeshifter) (D:13)
  A tengu conjurer (D:14)
  7 blink frogs
  15 yaks
  A centaur simulacrum (D:13)
  3 basilisks
  A warg (Orc:1)
  A water moccasin (Lair:3)
  3 orc warriors (Orc:1)
  A meliai simulacrum (D:13)
  6 wolves (Lair:1)
  2 centaurs (D:14)
  2 bullfrogs
  Blork the orc (Orc:2)
  2 killer bees (D:9)
  A howler monkey (D:10)
  An orc priest (Orc:1)
  3 orc wizards
  A gnoll (D:11)
  An adder (D:3)
  11 orcs
  2 endoplasms
  A giant cockroach (D:1)
  3 jackals (D:9)
89 creatures vanquished.

Vanquished Creatures (others)
  A boulder beetle (D:13)
  2 centaur warriors (D:13)
  A deep elf zephyrmancer (D:13)
  2 manticores (D:13)
  A yaktaur (D:13)
  A troll (D:13)
  4 yak zombies
  A human zombie (D:9)
  2 hound zombies (D:9)
  A hobgoblin (D:13)
  A quokka (D:13)
  3 jackal zombies (D:9)
  4 orc zombies (D:10)
  21 fungi
  10 plants
55 creatures vanquished.

Grand Total: 604 creatures vanquished

Notes
Turn   | Place    | Note
-------+----------+-------------------------------------------
     0 | D:1      | zishaf the Human Necromancer began the quest for the Orb.
     0 | D:1      | Reached XP level 1. HP: 13/13 MP: 3/3
    59 | D:1      | Reached XP level 2. HP: 20/20 MP: 0/5
   383 | D:1      | Reached skill level 1 in Fighting
   711 | D:1      | Reached XP level 3. HP: 26/26 MP: 2/6
   715 | D:1      | Learned a level 3 spell: Vampiric Draining
  1431 | D:2      | Reached XP level 4. HP: 28/32 MP: 7/7
  1961 | D:2      | Reached skill level 5 in Necromancy
  2094 | D:3      | Noticed Natasha
  2103 | D:3      | Killed Natasha
  2294 | D:3      | Reached XP level 5. HP: 38/38 MP: 8/8
  2557 | D:3      | Found a faded altar of an unknown god.
  2618 | D:3      | Noticed Jessica
  2637 | D:3      | Killed Jessica
  2665 | D:3      | Reached skill level 6 in Necromancy
  2665 | D:3      | Reached XP level 6. HP: 36/46 MP: 7/9
  2788 | D:3      | Noticed Natasha
  2797 | D:3      | Killed Natasha
  3366 | D:3      | Noticed Natasha
  3371 | D:3      | Killed Natasha
  3424 | D:4      | Learned a level 4 spell: Animate Dead
  4160 | D:4      | Reached XP level 7. HP: 52/52 MP: 10/10
  4286 | D:5      | Entered Level 5 of the Dungeon
  4323 | D:4      | Reached skill level 7 in Necromancy
  4350 | D:5      | Found a runed translucent gate.
  4350 | D:5      | Found a runed translucent gate.
  4403 | D:5      | Found a sand-covered staircase.
  4563 | Ossuary  | Entered an ossuary
  5459 | D:5      | Found a stormy altar of Qazlal.
  5643 | D:5      | Found a hide-covered altar of Uskayaw.
  5643 | D:5      | Noticed a +0 hand axe
  5643 | D:5      | Noticed a +0 dagger
  5682 | D:4      | Reached XP level 8. HP: 61/61 MP: 11/11
  5727 | D:5      | Reached skill level 8 in Necromancy
  5768 | D:5      | Found a runed translucent gate.
  5769 | D:5      | Noticed oldriver's ghost (weakling PaDe)
  5769 | D:5      | Noticed turdburglar's ghost (novice DsFi)
  6131 | D:5      | Noticed Sigmund
  6266 | D:5      | Killed Sigmund
  6267 | D:5      | Reached skill level 5 in Fighting
  6404 | D:5      | Found a shadowy altar of Dithmenos.
  7202 | D:6      | Found a shimmering blue altar of Sif Muna.
  7204 | D:6      | Found a basalt altar of Yredelemnul.
  7343 | D:6      | Reached XP level 9. HP: 63/69 MP: 14/14
  7835 | D:7      | Found a staircase to the Ecumenical Temple.
  7844 | Temple   | Entered the Ecumenical Temple
  7855 | Temple   | Became a worshipper of Kikubaaqudgha
  7880 | D:7      | Reached skill level 9 in Necromancy
  7932 | D:7      | Found a flagged portal.
  7966 | Bailey   | Entered a bailey
  7993 | Bailey   | Noticed an orc warlord
  8017 | Bailey   | Learned a level 5 spell: Agony
  8353 | Bailey   | Found a runed translucent gate.
  8361 | Bailey   | Found a runed translucent gate.
  8362 | Bailey   | Found a runed translucent gate.
  8385 | Bailey   | Reached skill level 10 in Fighting
  8385 | Bailey   | Reached skill level 12 in Necromancy
  8385 | Bailey   | Reached XP level 10. HP: 86/86 MP: 16/16
  8462 | Bailey   | Killed an orc warlord
  8553 | Bailey   | Reached XP level 11. HP: 93/93 MP: 23/23
  9213 | D:7      | Reached skill level 13 in Necromancy
  9213 | D:7      | Reached skill level 1 in Evocations
 10458 | D:8      | Reached * piety under Kikubaaqudgha
 10458 | D:8      | Received a gift from Kikubaaqudgha
 10479 | D:8      | Learned a level 2 spell: Sublimation of Blood
 10691 | D:8      | Found a snail-covered altar of Cheibriados.
 10705 | D:8      | Reached XP level 12. HP: 86/100 MP: 25/25
 10794 | D:8      | Reached skill level 1 in Staves
 10794 | D:8      | Reached skill level 1 in Crossbows
 10930 | D:8      | Found a radiant altar of Vehumet.
 11067 | D:8      | Found a shimmering altar of Xom.
 11074 | D:8      | Identified the +0 plate armour of the Cicada {Int+3 Dex+2}
 11121 | D:8      | Found a glowing golden altar of the Shining One.
 11202 | D:8      | Found a staircase to the Lair.
 11568 | D:8      | Found a hazy altar of Hepliaklqana.
 11685 | D:9      | Found an ornate altar of the Wu Jian Council.
 11926 | D:9      | Found Dilam's Gadget Gallery.
 12024 | D:9      | Noticed Prince Ribbit
 12032 | D:9      | Killed Prince Ribbit
 12157 | D:9      | Noticed Psyche
 12233 | D:9      | Paralysed by Psyche for 2 turns
 12383 | D:9      | Killed Psyche
 12525 | D:9      | Reached ** piety under Kikubaaqudgha
 12704 | D:9      | Found an iron altar of Okawaru.
 13223 | D:10     | Entered Level 10 of the Dungeon
 13223 | D:10     | Noticed Amaemon
 13237 | D:9      | Killed Amaemon
 13365 | D:10     | Found Iwalola's Magic Scroll Emporium.
 13650 | D:10     | Found a runed translucent door.
 13655 | D:10     | Noticed oldriver's ghost (journeyman PaDe)
 13655 | D:10     | Found the +3 sling "Punk" {acid, rCorr}
 13745 | D:10     | Found Ezenn's General Store.
 13780 | D:10     | Bought a scroll of blinking for 127 gold pieces
 13831 | D:10     | Found a bloodstained altar of Trog.
 13898 | D:10     | Found Enyawiuw's Magic Scroll Emporium.
 13974 | D:10     | Reached *** piety under Kikubaaqudgha
 13974 | D:10     | Received a gift from Kikubaaqudgha
 13984 | D:10     | Learned a level 4 spell: Dispel Undead
 13991 | D:10     | Learned a level 6 spell: Death Channel
 14287 | D:10     | Killed oldriver's ghost
 14518 | D:5      | Killed turdburglar's ghost
 14519 | D:5      | Killed oldriver's ghost
 14816 | D:11     | Found a runed translucent door.
 14856 | D:11     | Noticed spaghetti's ghost (novice VSNe)
 14868 | D:11     | Killed spaghetti's ghost
 14869 | D:11     | Reached skill level 5 in Crossbows
 14869 | D:11     | Reached skill level 14 in Necromancy
 14954 | D:11     | Reached XP level 13. HP: 107/107 MP: 26/26
 15725 | Lair:1   | Entered Level 1 of the Lair of Beasts
 15866 | Lair:1   | Reached **** piety under Kikubaaqudgha
 16215 | D:8      | Learned a level 5 spell: Lee's Rapid Deconstruction
 16612 | Lair:1   | Reached skill level 1 in Earth Magic
 16616 | Lair:1   | Reached skill level 5 in Staves
 16880 | Lair:1   | Reached skill level 5 in Evocations
 17446 | Lair:2   | Noticed an eight-headed hydra
 18451 | Lair:2   | Killed an eight-headed hydra
 18885 | Lair:2   | Found a staircase to the Shoals.
 18928 | Lair:2   | Reached XP level 14. HP: 116/116 MP: 27/27
 19200 | Lair:3   | Reached skill level 15 in Necromancy
 19209 | Lair:3   | Reached ***** piety under Kikubaaqudgha
 19556 | Lair:3   | Noticed Rupert
 20068 | D:12     | Noticed Erolcha
 20548 | D:12     | Killed Erolcha
 20585 | D:12     | Reached skill level 5 in Earth Magic
 20681 | D:12     | Found a staircase to the Orcish Mines.
 21713 | D:13     | Found a runed translucent gate.
 21713 | D:13     | Found a runed translucent gate.
 21713 | D:13     | Found a runed translucent gate.
 22013 | D:13     | Gained mutation: Your spells are a little easier to cast,
                  | but a little less powerful. [potion of mutation]
 22013 | D:13     | Gained mutation: Your muscles are strong. (Str +2) [potion
                  | of mutation]
 22013 | D:13     | Gained mutation: You do not regenerate when monsters are
                  | visible. [potion of mutation]
 22013 | D:13     | Gained mutation: You have a pair of small antennae on your
                  | head. [potion of mutation]
 22014 | D:13     | Lost mutation: Your spells are a little easier to cast, but
                  | a little less powerful. [potion of mutation]
 22014 | D:13     | Lost mutation: Your muscles are strong. (Str +2) [potion of
                  | mutation]
 22014 | D:13     | Gained mutation: Your mind is acute. (Int +2) [potion of
                  | mutation]
 22015 | D:13     | Lost mutation: You do not regenerate when monsters are
                  | visible. [potion of mutation]
 22015 | D:13     | Lost mutation: You have a pair of small antennae on your
                  | head. [potion of mutation]
 22015 | D:13     | Gained mutation: Your body sometimes deteriorates upon
                  | taking damage. [potion of mutation]
 22015 | D:13     | Gained mutation: You are partially covered in iridescent
                  | scales. (AC +2) [potion of mutation]
 22015 | D:13     | Gained mutation: You are mostly covered in iridescent
                  | scales. (AC +4) [potion of mutation]
 22145 | D:13     | Noticed Rabbukhaa's ghost (journeyman DECj)
 23736 | D:13     | Found a gate to the Vaults.
 24145 | D:13     | Killed Rabbukhaa's ghost
 24161 | D:13     | Reached XP level 15. HP: 52/125 MP: 28/28
 24579 | D:13     | Got the ring "Firuwiw" {Fire rElec Int+6 Stlth+}
 24720 | D:14     | Reached skill level 16 in Necromancy
 24815 | D:14     | Found a gate leading to a gauntlet.
 24821 | D:14     | Identified the +0 leather armour of Heenosem {Str+6}
 24825 | Gauntlet | Entered a Gauntlet
 24825 | Gauntlet | Found a transporter.
 25103 | Gauntlet | Found a transporter.
 25104 | Gauntlet | Found a transporter.
 25108 | Gauntlet | Found a transporter.
 25111 | Gauntlet | Found a runed translucent door.
 25114 | Gauntlet | Found a transporter.
 25115 | Gauntlet | Found a transporter.
 25116 | Gauntlet | Found a transporter.
 25125 | Gauntlet | Found a transporter.
 25127 | Gauntlet | Found a transporter.
 25128 | Gauntlet | Found a transporter.
 25132 | Gauntlet | Found a runed translucent door.
 25134 | Gauntlet | Found a runed translucent door.
 25136 | Gauntlet | Found a transporter.
 25139 | Gauntlet | Found a transporter.
 25140 | Gauntlet | Found a transporter.
 25151 | Gauntlet | Found a transporter.
 25507 | Gauntlet | Gained mutation: You are clumsy. (Dex -2) [a shining eye]
 25512 | Gauntlet | Lost mutation: You are clumsy. (Dex -2) [potion of
                  | mutation]
 25512 | Gauntlet | Lost mutation: Your body sometimes deteriorates upon taking
                  | damage. [potion of mutation]
 25512 | Gauntlet | Gained mutation: You are somewhat resistant to further
                  | mutation. [potion of mutation]
 25512 | Gauntlet | Gained mutation: You are agile. (Dex +2) [potion of
                  | mutation]
 25704 | Gauntlet | Identified the +0 pair of boots of Autumn {-Cast Regen+
                  | Str+3}
 25757 | Gauntlet | Noticed a quicksilver ooze
 25786 | Gauntlet | a quicksilver ooze changed into an ettin
 25912 | Gauntlet | Got the Handbook of Shifting Ignition
 26846 | D:14     | Learned a level 2 spell: Blink
 26981 | D:15     | Entered Level 15 of the Dungeon
 27259 | Lair:3   | Found a hole to the Spider Nest.
 27447 | Lair:3   | Reached skill level 1 in Translocations
 27842 | Orc:1    | Entered Level 1 of the Orcish Mines
 28222 | Orc:1    | Reached ****** piety under Kikubaaqudgha
 28229 | Orc:1    | Reached skill level 1 in Shields
 28268 | Orc:1    | Noticed Urug
 28541 | Orc:1    | Received a gift from Kikubaaqudgha
 28925 | Orc:1    | Killed Urug
 28926 | Orc:1    | Reached skill level 10 in Spellcasting
 29024 | Orc:1    | Noticed an orc warlord
 29241 | Orc:1    | Killed an orc warlord
 29899 | Orc:2    | Entered Level 2 of the Orcish Mines
 29899 | Orc:2    | Found a staircase to the Elven Halls.
 30092 | Orc:2    | Noticed Jorgrun
 30093 | Orc:2    | Noticed Blork the orc
 30094 | Orc:2    | Noticed an orc warlord
 30099 | Orc:2    | Killed Blork the orc
 30442 | Orc:2    | Slain by an ettin

Illustrated notes

Levels and vault maps discovered:
D:1:      psy_arrival_radial01, layout_basic, columned_hall_lemuel, st_stairs_3,
          dk_noncrumbling_3, nicolae_wormholes
D:2:      layout_basic
D:3:      layout_loops_ring, hellmonk_ecumenical_altar_pennies_from_heaven,
          grunt_ministairs_8, st_stairs_1, dreamdust_princess_bridge,
          kennysheep_jessica_study, uniq_natasha
D:4:      layout_loops_cross
D:5:      layout_rooms, mainiacjoe_overflow_paths,
          mainiacjoe_overflow_surrounded_room, dancing_weapons_uskayaw,
          gammafunk_ghost_cemetery, gup_ossuary_entry_pyramid, uniq_sigmund
D:6:      layout_loops_ring, minitemple
D:7:      layout_layer_cave, minmay_temple_entry_mist, enter_bailey_5,
          minmay_manual_monstrance
D:8:      layout_loops_ring, lemuel_coloured_pillars_altar,
          nicolae_vehumet_altar_sigil, chei_slow_surprise,
          mainiacjoe_overflow_catch_the_wave, david_lair_shrubbed
D:9:      erik_cavepeople, layout_gridville, okawaru_trees_2,
          nicolae_wu_jian_wuxing_cycle, nicolae_shop_gadgets,
          uniq_prince_ribbit1
D:10:     layout_irregular_city, mainiacjoe_overflow_cross_hatched,
          serial_shops, shop_fountains, nicolae_shop_hallway_stairs, shop,
          ebering_ghost_reflecting_pool, uniq_amaemon
D:11:     layout_roguey, ebering_ghost_reflecting_pool
D:12:     layout_rooms, minmay_orc_entry_temple_small, uniq_erolcha
D:13:     layout_loops_ring, grunt_vaults_entry_fortified, gammafunk_ghost_icy
D:14:     layout_gridville, gauntlet_entry_generic, minmay_stone_trees_small
D:15:     hangedman_depths_entry_try_elsewhere_first, layout_loops_corners,
          serial_shops, nicolae_shop_hallway_stairs, yredelemnul_altar_generic
Temple:   nicolae_temple_figure_zero
Lair:1:   layout_regular_city
Lair:2:   layout_gridlike, elwin_shoals_entry_rocks, grunt_megastairs_3
Lair:3:   layout_cave_pods, dummy_spider_entry, uniq_rupert
Orc:1:    layout_caves, uniq_urug
Orc:2:    grunt_orc_cross, layout_diamond_mine, serial_shops, shop,
          statue_in_the_mist_lemuel, hellmonk_bongcloud_opening, uniq_jorgrun

Skill      XL: |  1  2  3  4  5  6  7  8  9 10 11 12 13 14 15 |
---------------+----------------------------------------------+-----
Fighting       | 1 2 3 4 5 10 11 12 13 14 | 14.4
Necromancy     | 5 6 7 8 12 13 14 15 16 | 16.5
Spellcasting   | 3 4 8 9 10 | 10.1
Evocations     | 1 3 5 |  5.0
Staves         | 3 5 |  5.0
Crossbows      | 5 8 |  8.0
Earth Magic    | 3 6 8 |  8.3
Translocations | 2 |  2.8
Shields        | 2 |  2.3
Dodging        | |  2.0
Stealth        | |  2.0

Action                   |  1- 3 |  4- 6 |  7- 9 | 10-12 | 13-15 || total
-------------------------+-------+-------+-------+-------+-------++-------
Melee: Dagger            |     5 |    23 |   265 |    74 |    69 ||   436
       Hand crossbow     |       |     1 |       |       |       ||     1
       Punch             |       |       |     5 |     3 |     5 ||    13
       Staff             |       |       |       |   156 |   143 ||   299
 Fire: Hand crossbow     |       |     6 |   104 |    40 |    21 ||   171
 Cast: Necrotize         |    53 |    88 |    43 |    49 |    21 ||   254
       Vampiric Draining |       |     7 |    41 |   135 |   538 ||   721
       Dispel Undead     |       |       |       |    11 |    20 ||    31
       Sublimation of Bl |       |       |       |     8 |    16 ||    24
       Animate Dead      |       |       |       |     5 |     1 ||     6
       Death Channel     |       |       |       |       |    26 ||    26
       Lee's Rapid Decon |       |       |       |       |     3 ||     3
Invok: Unearth Wretches  |       |       |       |       |     4 ||     4
       Receive Forbidden |       |       |       |       |     1 ||     1
Evoke: Wand              |       |       |       |       |    28 ||    28
  Use: Scroll            |       |    15 |     6 |    11 |    11 ||    43
       Potion            |       |       |     2 |     1 |     8 ||    11
 Stab: Sleeping          |       |     1 |     1 |     1 |       ||     3
       Distracted        |       |       |       |       |     1 ||     1
       Invisible         |       |       |       |       |     1 ||     1
Armor: Robe              |     5 |    22 |    29 |       |    76 ||   132
       Leather armour    |       |       |    55 |    46 |   304 ||   405
       Troll leather arm |       |       |       |    58 |    11 ||    69
       Skin              |       |       |       |       |    17 ||    17
Dodge: Dodged            |    19 |    61 |   183 |   239 |   622 ||  1124
Block: Buckler           |       |       |       |       |    33 ||    33

Table legend: (Time is in decaauts)
 A = Elapsed time spent in this place.
 B = Non-inter-level travel time spent in this place.
 C = Inter-level travel time spent in this place.
 D = Time resting spent in this place.
 E = Time spent auto-exploring this place.
 F = Levels seen in this place.
 G = Mean time per level.
                   A        B        C        D        E       F      G
               +--------+--------+--------+--------+--------+-----+--------+
         Total |  30939 |  29187 |   1752 |   4201 |  18621 |  24 | 1289.1 |
       Dungeon |  21755 |  20461 |   1294 |   2191 |  14383 |  15 | 1450.3 |
        Temple |     20 |     20 |      0 |      0 |      0 |   1 |   20.0 |
          Lair |   4341 |   3921 |    420 |    403 |   2660 |   3 | 1447.0 |
  Orcish Mines |   2296 |   2259 |     37 |    649 |   1131 |   2 | 1148.0 |
       Ossuary |    707 |    707 |      0 |    158 |    317 |   1 |  707.0 |
        Bailey |    597 |    597 |      0 |    196 |     53 |   1 |  597.0 |
      Gauntlet |   1220 |   1220 |      0 |    604 |     75 |   1 | 1220.0 |
               +--------+--------+--------+--------+--------+-----+--------+

Top non-repeatable levels by time:
    D:13: 3306 daAuts
     D:7: 2127 daAuts
   Orc:1: 1927 daAuts
     D:8: 1885 daAuts
     D:9: 1820 daAuts
  Lair:1: 1777 daAuts
  Lair:2: 1594 daAuts
    D:11: 1473 daAuts
     D:5: 1391 daAuts
     D:4: 1388 daAuts
    D:10: 1343 daAuts
     D:3: 1310 daAuts
    D:12: 1264 daAuts
Gauntlet: 1220 daAuts
     D:1: 1204 daAuts
